Map: Abiogenesis LE

Players

Warpig

  • Race: Terran Terran
  • League: Silver
  • Spawn Location: 11:00

Infamous - Winner!

  • Race: Protoss Protoss
  • League: Silver
  • Spawn Location: 5:00

VOD

Have the link to the VOD?

Description

Time

  • Played on: April 9, 2018, 4:51 p.m.
  • Length: 9:15
Show
View Real Time Build Order
Export as new Build Order

Warpig Terran 

Build Orders:  

Get SALT Encoding   

  12  0:02  SCV  
  13  0:14  SCV  
  14  0:25  Supply Depot  
  14  0:28  SCV  
  15  0:42  Refinery  
  15  0:47  SCV  
  15  0:48  Barracks  
  16  0:59  SCV  
  17  1:06  Barracks  
  17  1:23  SCV  
  18  1:37  Marine  
  18  1:38  Supply Depot  
  19  1:45  SCV  
  20  1:55  Barracks Tech Lab  
  20  1:57  SCV  
  21  2:01  Supply Depot  
  21  2:04  Marine  
  22  2:11  SCV  
  25  2:15  Marauder  
  25  2:22  Marine  
  25  2:24  Engineering Bay  
  26  2:30  Refinery, Orbital Command  
  26  2:36  Stimpack  
  26  2:39  Marine  
  26  2:42  Marine  
  28  2:55  Supply Depot  
  28  3:06  Barracks  
  28  3:08  Marine  
  28  3:09  Marauder  
  31  3:30  Factory  
  31  3:51  Command Center  
  31  3:53  Marauder  
  33  4:07  Terran Infantry Armor Level 1  
  33  4:12  Marine  
  33  4:15  Barracks Reactor  
  34  4:22  Factory Tech Lab  
  34  4:29  Supply Depot  
  34  4:33  Marauder  
  34  4:35  Marine  
  34  4:37  Concussive Shells  
  37  4:52  Marine x2  
  39  4:54  Marauder  
  41  5:07  Starport  
  41  5:13  SCV  
  42  5:24  Marine  
  42  5:25  Marine x2, SCV  
  42  5:27  Marauder  
  48  5:44  Missile Turret  
  48  5:53  Starport Reactor  
  48  6:00  Marine, Armory  
  48  6:01  Marine  
  48  6:02  Terran Infantry Weapons Level 1  
  50  6:05  Missile Turret  
  50  6:11  SCV  
  51  6:23  SCV  
  51  6:24  Siege Tank  
  55  6:27  Missile Turret  
  55  6:30  Marine x3, Marauder  
  60  6:35  SCV  
  58  6:47  SCV  
  48  6:59  Marine x3  
  48  7:07  Marauder  
  46  7:10  Medivac  
  46  7:11  Medivac  
  46  7:16  Marine  
  46  7:17  Marine  
  46  7:18  SCV  
  49  7:28  Marauder  
  48  7:31  SCV  
  48  7:35  Barracks  
  38  7:45  Siege Tank  
  33  8:03  Marine x4  
  31  8:17  Siege Tank  
  34  8:21  Marine  
  34  8:23  Marine x3  
  38  8:33  Marine  
  39  8:38  Marine  
Show
View Real Time Build Order
Export as new Build Order

Infamous Protoss - Winner!

Build Orders:  

Get SALT Encoding   

  12  0:02  Probe  
  13  0:17  Pylon, Probe (Chrono Boost)  
  14  0:28  Probe (Chrono Boost)  
  15  0:35  Gateway  
  15  0:38  Probe  
  16  0:50  Probe  
  17  1:02  Probe  
  18  1:06  Assimilator  
  18  1:15  Probe  
  19  1:24  Cybernetics Core  
  19  1:36  Gateway  
  19  1:39  Probe  
  19  1:54  Probe  
  19  1:58  Assimilator  
  19  1:59  Pylon  
  20  2:01  Warp Gate  
  20  2:06  Probe  
  21  2:09  Adept (Chrono Boost)  
  23  2:23  Adept (Chrono Boost)  
  23  2:27  Probe  
  26  2:39  Nexus  
  26  2:45  Pylon  
  26  2:50  Stalker  
  28  2:52  Probe  
  28  2:58  Stalker (Chrono Boost)  
  31  3:07  Probe  
  32  3:24  Probe  
  33  3:34  Sentry (Chrono Boost)  
  33  3:37  Probe  
  33  3:40  Shield Battery  
  34  3:41  Shield Battery  
  34  3:46  Gateway  
  34  3:49  Probe  
  35  4:07  Robotics Facility  
  35  4:11  Pylon  
  35  4:12  Stalker  
  35  4:13  Zealot  
  39  4:34  Probe (Chrono Boost)  
  41  4:39  Probe (Chrono Boost)  
  41  4:41  Zealot x2  
  41  4:43  Probe (Chrono Boost), Twilight Council  
  46  4:47  Probe (Chrono Boost)  
  46  4:48  Probe (Chrono Boost)  
  48  4:55  Pylon, Observer (Chrono Boost)  
  49  5:04  Adept x2  
  49  5:06  Sentry  
  55  5:14  Probe  
  56  5:15  Gateway  
  56  5:20  Charge (Chrono Boost)  
  56  5:27  Probe x2  
  58  5:35  Robotics Bay  
  58  5:39  Immortal (Chrono Boost)  
  62  5:50  Forge  
  62  5:53  Zealot  
  62  5:55  Adept  
  66  6:08  Stalker  
  68  6:17  Zealot  
  70  6:26  Pylon  
  70  6:42  Pylon, Disruptor (Chrono Boost)  
  70  6:44  Pylon  
  73  6:50  Stalker x3  
  69  7:02  Probe x2  
  69  7:14  Probe x2  
  71  7:20  Stalker x3  
  73  7:37  Probe  
  73  7:38  Probe  
  75  7:50  Probe, Gateway  
  76  7:51  Gateway  
  76  7:54  Gateway  
  74  8:04  Stalker x3  
  80  8:21  Probe x2  
  82  8:29  Assimilator  
  82  8:33  Assimilator  
  82  8:38  Pylon  
  82  8:41  Pylon  
  72  9:05  Zealot  
  72  9:06  Zealot x4  
Tags
 
Add a new tag
Caveats
  • Supply blocks, unpowered buildings, or Contaminate may cause inaccurate times.
  • Supply counts are checked every 10 seconds.